 Dungeon Crawl Stone Soup version 0.31-a0-358-gac0dbeb3ab (webtiles) character file.

Game seed: 17088492727289259710

2200 juan097 the Thaumaturge (level 9, 0/66 HPs)
             Began as a Djinni Conjurer on July 25, 2023.
             Was a Believer of Ru.
             Slain by a water moccasin zombie (3 damage)
             ... in an ossuary.
             The game lasted 00:13:18 (7074 turns).

juan097 the Thaumaturge (Djinni Conjurer)           Turns: 7074, Time: 00:13:19

Health: 0/66       AC:  5    Str:  6    XL:     9   Next: 60%
Gold:   299        EV: 12    Int: 23    God:    Ru [**....] SH:  0 Dex: 13

rFire   + + .        (no weapon)
rCold   x . .        (shield unavailable)
rNeg    + . .        u - +0 robe
rPois   ∞            (no helmet)
rElec   .            t - +2 cloak {rCorr}
rCorr   +            (no gloves)
SInv    .            (boots unavailable)
Will    .....        (no amulet)
Stlth   ++           (ring unavailable)
HPRegen 0.31/turn    C - ring of positive energy
MPRegen 0.00/turn

%: infuse magic (-1 HP)
@: flying
A: sickness immunity, fire resistance 2, cold vulnerability 1, missing a hand,
float, innate caster, HP casting, extra vitality 1
a: Renounce Religion


You were in an ossuary.
You worshipped Ru.
Ru was pleased with you.
You visited 2 branches of the dungeon, and saw 8 of its levels.
You also visited: Ossuary.

You collected 299 gold pieces.

Inventory:

Missiles
 b - 5 atropa-tipped darts
 j - 5 poisoned darts
Armour
 t - a +2 cloak of preservation (worn)
 u - a +0 robe (worn)
Jewellery
 f - a ring of see invisible
 k - a ring of protection from fire
 l - a +6 ring of strength
 C - a ring of positive energy (right hand)
Wands
 x - a wand of polymorph (18)
 y - a wand of acid (17)
Scrolls
 c - 2 scrolls of poison {unknown}
 g - 6 scrolls of fear {unknown}
 h - 2 scrolls of blinking {unknown}
 i - 2 scrolls of summoning {unknown}
 m - 4 scrolls of teleportation {unknown}
 q - a scroll of immolation {unknown}
 r - a scroll of brand weapon {unknown}
 s - 2 scrolls of enchant armour {unknown}
 w - 2 scrolls of vulnerability {unknown}
 z - a scroll of fog {unknown}
 A - a scroll of identify {unknown}
Potions
 a - a potion of brilliance {unknown}
 d - a potion of enlightenment {unknown}
 e - 2 potions of heal wounds {unknown}
 n - 2 potions of attraction {unknown}
 o - 2 potions of magic {unknown}
 p - 2 potions of resistance {unknown}
 v - 2 potions of mutation {unknown}
 B - a potion of haste {unknown}
 D - a potion of degeneration {unknown}


   Skills:
 + Level 6.0 Fighting
 + Level 2.1 Dodging
 - Level 4.0 Stealth
 + Level 8.0 Spellcasting
 + Level 8.0 Conjurations
 + Level 8.0 Hexes
   Level 0.0 Charms
 + Level 8.0 Summonings
 + Level 8.0 Necromancy
 + Level 8.0 Translocations
 + Level 8.0 Transmutations
 + Level 8.0 Fire Magic
 + Level 8.0 Ice Magic
 + Level 8.0 Air Magic
 + Level 8.0 Earth Magic
 + Level 8.0 Poison Magic


You knew the following spells:

 Your Spells              Type           Power      Damage    Failure   Level
a - Magic Dart            Conj           100%       1d8       1%          1
b - Searing Ray           Conj           92%        2d7       1%          2
c - Dazzling Flash        Conj/Hex       92%        N/A       1%          3
d - Fulminant Prism       Conj/Hex       23%        3d12      2%          4
e - Iskenderun's Mystic   Conj/Tloc      46%        2d10      2%          4
f - Sandblast             Erth           92%        2d19      1%          1
g - Scorch                Fire           92%        2d8       1%          2
h - Confusing Touch       Hex            46%        N/A       1%          3
i - Airstrike             Air            23%        2d(4-20)  2%          4
Your spell library was empty.

Dungeon Overview and Level Annotations

Branches:
Dungeon (7/15)             Temple (1/1) D:4         Ossuary (1/1)

Altars:
Ashenzari
Cheibriados
Dithmenos
Elyvilon
Fedhas
Gozag
Nemelex Xobeh
Qazlal
Ru
Trog
Uskayaw
Wu Jian
Xom


Innate Abilities, Weirdness & Mutations

You are immune to sickness and miasma.
You are immune to poison.
Your flesh is very heat resistant. (rF++)
You are vulnerable to cold. (rC-)
You are missing a hand.
You float through the air rather than walking.
You learn spells naturally, not from books.
Your magical power is your life essence.
You have superior vitality. (+4 MHP)


Message History

The searing ray hits the water moccasin zombie.
The water moccasin zombie is heavily damaged.
The searing ray hits the adder zombie!
You destroy the adder zombie!
The searing ray hits the hobgoblin zombie.
The hobgoblin zombie is severely damaged. (Press . to maintain the ray.)
The water moccasin zombie bites you.
* * * LOW HITPOINT WARNING * * *
The water moccasin zombie barely misses you.
The searing ray hits the water moccasin zombie!
The water moccasin zombie is moderately damaged.
The searing ray hits the water moccasin zombie.
The water moccasin zombie is heavily damaged.
The searing ray hits the water moccasin zombie!
The water moccasin zombie is heavily damaged.
The searing ray hits the hobgoblin zombie!
You destroy the hobgoblin zombie!
* * * LOW HITPOINT WARNING * * *
The water moccasin zombie bites you.
* * * LOW HITPOINT WARNING * * *
The searing ray hits the water moccasin zombie!
The water moccasin zombie is severely damaged.
The searing ray hits the water moccasin zombie!
The water moccasin zombie is severely damaged.
The searing ray hits the water moccasin zombie!
The water moccasin zombie is severely damaged.
* * * LOW HITPOINT WARNING * * *
The water moccasin zombie bites you.
* * * LOW HITPOINT WARNING * * *
The searing ray hits the water moccasin zombie.
The water moccasin zombie is severely damaged.
The searing ray hits the water moccasin zombie!
The water moccasin zombie is almost destroyed.
The searing ray hits the water moccasin zombie!
The water moccasin zombie is almost destroyed.
* * * LOW HITPOINT WARNING * * *
You finish channelling your searing ray.
The water moccasin zombie bites you.
You die...

##################
#...'....'...#..∩#
#...#....#...'...#
'...#....#...#...#
##############'###
# #...# # #...# #
#...# # #..@# #
###Z# # #.ZZ# #
#.ZZ# # #...# #
#...# # ###'# #
..# ##### ### ...#


You could see an adder zombie, 3 water moccasin zombies and an orc zombie.

Vanquished Creatures
  Prince Ribbit (D:7)
  Grinder (D:4)
  Sigmund (D:5)
  2 water moccasins
  An ice beast (D:6)
  2 centaurs
  An ogre (D:6)
  2 scorpions
  2 water moccasin zombies (Ossuary)
  6 killer bees (D:7)
  A jelly (D:5)
  3 hounds
  An orc priest (D:5)
  Crazy Yiuf (D:3)
  2 sleepcaps (D:5)
  Jessica (D:2)
  2 iguanas
  2 orc wizards (D:5)
  6 gnolls
  4 adders
  2 white imps
  An ufetubus (D:4)
  4 adder zombies (Ossuary)
  3 worms
  A dart slug (D:3)
  26 orcs
  6 endoplasms
  3 giant cockroaches
  4 gnoll zombies (Ossuary)
  6 hobgoblins
  4 jackals (D:1)
  2 quokkas
  8 ball pythons
  6 bats
  7 frilled lizards
  8 goblins
  3 hobgoblin zombies (Ossuary)
  8 kobolds
  3 kobold zombies (Ossuary)
  10 orc zombies (Ossuary)
  7 rats
164 creatures vanquished.

Notes
Turn   | Place    | Note
-------+----------+-------------------------------------------
     0 | D:1      | juan097 the Djinni Conjurer began the quest for the Orb.
     0 | D:1      | juan097 set off with the following spells memorised: Magic
                  | Dart, Searing Ray, Dazzling Flash, Fulminant Prism,
                  | Iskenderun's Mystic Blast.
     0 | D:1      | Reached XP level 1. HP: 15/15 MP: 0/0
   124 | D:1      | Reached XP level 2. HP: 19/21 MP: 0/0
   320 | D:1      | Reached XP level 3. HP: 23/26 MP: 0/0
   320 | D:1      | Learned a level 1 spell: Sandblast
   699 | D:2      | Reached skill level 1 in Fighting
   902 | D:2      | Reached XP level 4. HP: 29/32 MP: 0/0
  1032 | D:2      | Found a white marble altar of Elyvilon.
  1122 | D:2      | Noticed Jessica
  1131 | D:2      | Killed Jessica
  1132 | D:2      | Reached XP level 5. HP: 18/37 MP: 0/0
  1132 | D:2      | Learned a level 2 spell: Scorch
  2545 | D:3      | Found a runed translucent door.
  2546 | D:3      | Noticed Crazy Yiuf
  2552 | D:3      | Killed Crazy Yiuf
  2553 | D:3      | Reached XP level 6. HP: 22/43 MP: 0/0
  2893 | D:4      | Found a broken altar of Ashenzari.
  3091 | D:4      | You are sucked into a shaft and drop 1 floor!
  3091 | D:5      | Entered Level 5 of the Dungeon
  3337 | D:5      | Found an ornate altar of the Wu Jian Council.
  3393 | D:5      | Found a bloodstained altar of Trog.
  3404 | D:5      | Noticed Sigmund
  3411 | D:5      | Killed Sigmund
  3412 | D:5      | Reached skill level 5 in Spellcasting
  3412 | D:5      | Reached skill level 5 in Conjurations
  3412 | D:5      | Reached skill level 5 in Hexes
  3412 | D:5      | Reached skill level 5 in Summonings
  3412 | D:5      | Reached skill level 5 in Necromancy
  3412 | D:5      | Reached skill level 5 in Translocations
  3412 | D:5      | Reached skill level 5 in Transmutations
  3412 | D:5      | Reached skill level 5 in Fire Magic
  3412 | D:5      | Reached skill level 5 in Ice Magic
  3412 | D:5      | Reached skill level 5 in Air Magic
  3412 | D:5      | Reached skill level 5 in Earth Magic
  3412 | D:5      | Reached skill level 5 in Poison Magic
  3412 | D:5      | Reached XP level 7. HP: 45/50 MP: 0/0
  3412 | D:5      | Learned a level 3 spell: Confusing Touch
  3640 | D:4      | Found a staircase to the Ecumenical Temple.
  3734 | Temple   | Entered the Ecumenical Temple
  3739 | Temple   | Became a worshipper of Ru the Awakened
  4338 | D:4      | Noticed Grinder
  4351 | D:4      | Paralysed by Grinder for 5 turns
  4360 | D:4      | Killed Grinder
  4361 | D:4      | Reached XP level 8. HP: 5/58 MP: 0/0
  5552 | D:6      | Gained mutation: You are missing a hand. [Ru sacrifice]
  5552 | D:6      | Reached * piety under Ru
  5552 | D:6      | Reached ** piety under Ru
  6076 | D:6      | Reached skill level 5 in Fighting
  6245 | D:6      | Reached XP level 9. HP: 50/65 MP: 0/0
  6245 | D:6      | Learned a level 4 spell: Airstrike
  6583 | D:7      | Noticed Prince Ribbit
  6588 | D:7      | Killed Prince Ribbit
  6655 | D:7      | Found a sand-covered staircase.
  6736 | Ossuary  | Entered an ossuary
  7074 | Ossuary  | Slain by a water moccasin zombie

Illustrated notes

Levels and vault maps discovered:
D:1:      sevenhm_arrival_forest_fort_small_4, layout_basic
D:2:      layout_rooms, basic_altar, uniq_jessica
D:3:      layout_loops_corners, minmay_box_of_dots, uniq_crazy_yiuf_cottage
D:4:      layout_basic, mainiacjoe_overflow_alcove_2,
          minmay_temple_entry_glassed_door, uniq_grinder
D:5:      minmay_evil_eye, layout_loops_ring, old_standard_altar,
          lemuel_blue_sif_altar, lemuel_crystal_altar, uniq_sigmund
D:6:      layout_layer_cave
D:7:      layout_rooms, mainiacjoe_overflow_24_doors,
          grunt_temple_overflow_order_and_chaos_2, serial_shops,
          nicolae_shop_tiny_statue_garden, enter_ossuary_5, roderic_malta_cross,
          uniq_prince_ribbit1
Temple:   minmay_freezing_vapour_temple
Ossuary:  ossuary_tomb_2

Skill      XL: |  1  2  3  4  5  6  7  8  9 |
---------------+----------------------------+-----
Stealth        | 2 3 4 |  4.0
Fighting       | 1 2 3 4 5 6 |  6.0
Spellcasting   | 4 5 6 8 |  8.0
Conjurations   | 4 5 6 8 |  8.0
Hexes          | 4 5 6 8 |  8.0
Summonings     | 4 5 6 8 |  8.0
Necromancy     | 4 5 6 8 |  8.0
Translocations | 4 5 6 8 |  8.0
Transmutations | 4 5 6 8 |  8.0
Fire Magic     | 4 5 6 8 |  8.0
Ice Magic      | 4 5 6 8 |  8.0
Air Magic      | 4 5 6 8 |  8.0
Earth Magic    | 4 5 6 8 |  8.0
Poison Magic   | 4 5 6 8 |  8.0
Dodging        | |  2.1

Action                     |  1- 3 |  4- 6 |  7- 9 || total
---------------------------+-------+-------+-------++-------
  Melee: Quarterstaff      |       |     1 |       ||     1
   Cast: Magic Dart        |    68 |    28 |    14 ||   110
         Searing Ray       |     4 |     7 |     7 ||    18
         Scorch            |       |    57 |    85 ||   142
         Airstrike         |       |       |    11 ||    11
 Invoke: Sacrifice a Hand  |       |       |     1 ||     1
   Stab: Sleeping          |       |     1 |       ||     1
 Armour: Robe              |     2 |     6 |    40 ||    48
  Dodge: Dodged            |     7 |    18 |    62 ||    87

Table legend: (Time is in decaauts)
 A = Elapsed time spent in this place.
 B = Non-inter-level travel time spent in this place.
 C = Inter-level travel time spent in this place.
 D = Time resting spent in this place.
 E = Time spent auto-exploring this place.
 F = Levels seen in this place.
 G = Mean time per level.
                   A        B        C        D        E       F      G
               +--------+--------+--------+--------+--------+-----+--------+
         Total |   7069 |   6781 |    288 |    374 |   5424 |   9 |  785.4 |
       Dungeon |   6720 |   6432 |    288 |    374 |   5193 |   7 |  960.0 |
        Temple |     10 |     10 |      0 |      0 |      0 |   1 |   10.0 |
       Ossuary |    337 |    337 |      0 |      0 |    231 |   1 |  337.0 |
               +--------+--------+--------+--------+--------+-----+--------+

Top non-repeatable levels by time:
     D:4: 1475 daAuts
     D:3: 1323 daAuts
     D:6: 1290 daAuts
     D:5: 1084 daAuts
     D:2: 770 daAuts
     D:1: 620 daAuts
 Ossuary: 337 daAuts
     D:7: 154 daAuts
  Temple: 10 daAuts
